 Dungeon Crawl Stone Soup version 0.31-a0-1074-g0b22e4e0f1 (webtiles) character file.

Game seed: 18211336345627182238

195 kae the Sneak (level 5, -3/37 HPs)
             Began as a Demonspawn Enchanter on Nov 26, 2023.
             Slain by an iguana (11 damage)
             ... on level 4 of the Dungeon.
             The game lasted 00:03:02 (2675 turns).

kae the Sneak (Demonspawn Enchanter)                Turns: 2675, Time: 00:03:02

Health: -3/37      AC:  2    Str: 14    XL:     5   Next: 45%
Magic:  1/17       EV: 12    Int: 18    God:
Gold:   84         SH:  4    Dex: 14    Spells: 4/9 levels left

rFire   . . .        a - +1 dagger (elec)
rCold   . . .        m - +0 buckler
rNeg    . . .        b - +0 robe
rPois   .            (no helmet)
rElec   .            (no cloak)
rCorr   .            (no gloves)
SInv    .            (no boots)
Will    .....        (no amulet)
Stlth   ++           S - +6 ring of strength
HPRegen 0.26/turn    W - ring of magical power
MPRegen 0.15/turn

%: no passive effects
@: very slightly contaminated
A: powered by pain 1, sturdy frame 1
a: no special abilities


You were on level 4 of the Dungeon.
You visited 1 branch of the dungeon, and saw 4 of its levels.

You collected 147 gold pieces.
You spent 63 gold pieces at shops.


Innate Abilities, Weirdness & Mutations

You sometimes gain a little power by taking damage.
Your movements are slightly less encumbered by armour. (ER -2)


   Skills:
 + Level 1.3 Fighting
 * Level 2.2 Short Blades
 + Level 2.3 Dodging
 * Level 3.6 Stealth
 + Level 0.9 Shields
 + Level 2.5 Spellcasting
 + Level 3.4 Hexes
 + Level 1.1 Ice Magic


You had 4 spell levels left.
You knew the following spells:

 Your Spells              Type           Power      Damage    Failure   Level
a - Ensorcelled Hibernat  Hex/Ice        20%        N/A       14%         2
b - Confusing Touch       Hex            14%        N/A       17%         3

Your spell library contained the following spells:

 Spells                   Type           Power      Damage    Failure   Level
 Tukima's Dance           Hex            14%        N/A       17%         3
 Poisonous Vapours        Pois/Air       4%         N/A       34%         2
 Sublimation of Blood     Necr           2%         N/A       34%         2
 Wereblood                Tmut           2%         N/A       34%         2
 Dazzling Flash           Conj/Hex       16%        N/A       34%         3
 Mephitic Cloud           Conj/Pois/Air  2%         N/A       56%         3
 Freezing Cloud           Conj/Ice/Air   1%         6-21      99%         5
 Summon Hydra             Summ           1%         N/A       100%        7

Inventory:

Hand Weapons
 a - a +1 dagger of electrocution (weapon)
Missiles
 e - 5 poisoned darts
 f - 25 stones
 h - 4 curare-tipped darts {=f}
Armour
 b - a +0 robe (worn)
 m - a +0 buckler (worn)
   (You found it on level 2 of the Dungeon)
Jewellery
 g - an amulet of regeneration
   (You took it off a kobold on level 3 of the Dungeon)
 S - a +6 ring of strength (left hand)
   (You found it on level 2 of the Dungeon)
 W - a ring of magical power (right hand)
   (You found it on level 2 of the Dungeon)
Wands
 r - a wand of paralysis (13)
   (You found it on level 3 of the Dungeon)
Potions
 c - 3 potions of invisibility
 d - a potion of curing {@q1}
 i - 3 potions of might
 j - 2 potions of mutation {unknown}
 k - a potion of haste {@q3}
 l - a potion of attraction {!q}
 n - a potion of brilliance {unknown}
 u - 2 potions of ambrosia

Dungeon Overview and Level Annotations

Branches:
Dungeon (4/15) Zot: 21332
 Temple: D:4-7

Altars:

Shops:
D:2

*
,,**,*,,,,,,.......S.............
,*,,,*,*,,,,.....c......##......#
*,****,***,,.......l............#
,*****,,**,,....................#
,,*,,,,,,*,,....................#
,**,,,,,,*,,,,,#.................
*,*,,,,,,*,**#,***#..#.#.........
,,,,,,,,,..###.####......#...###.
***,,,,,,*#.....@l.$........##...
,,,,,,,,,...##.###....?.###......
***,,,,,,**,....%...##.####...###
***,,,,,,*..#*..###.##.#*#...##
**,,,,,,,..***#,* #.#......###
,,,*****,#,****,**#......### ****
*,,,,,,,,,,..####.# *
***,,,<,,,,,.# #.#******* *
***,,,,,,,,* *..,,,,,,,


You could see an iguana.


Message History

The iguana hisses angrily.
A ball python comes into view.
You start resting.
A centaur is nearby! 😮 HP[+1]
Casting: Ensorcelled Hibernation (safe; 14% risk of failure)
Confirm with . or Enter, or press ? or * to list all spells.
Aiming: Ensorcelled Hibernation (safe; 14% risk of failure)
Press: ? - help, Shift-Dir - straight line, f - centaur
Aim: a centaur, wielding a +0 orcbow (chance to affect: 43%)
You miscast Ensorcelled Hibernation.
You are very lightly contaminated with residual magic.
Nothing appears to happen.
The centaur unwields a +0 orcbow.
You block the centaur's attack. The centaur misses you. 😮 MP[-2]
You lost 2 mp, and now have 14/16 mp.
Casting: Ensorcelled Hibernation (safe; 14% risk of failure)
Confirm with . or Enter, or press ? or * to list all spells.
Aiming: Ensorcelled Hibernation (safe; 14% risk of failure)
Press: ? - help, Shift-Dir - straight line, f/p - centaur
Aim: a centaur (chance to affect: 43%)
The centaur resists with some effort.
You block the centaur's attack.
The centaur kicks you but does no damage. 😮 HP[+1] MP[-2]
You lost 2 mp, and now have 12/16 mp.
Unknown command.
Casting: Ensorcelled Hibernation (safe; 14% risk of failure)
Confirm with . or Enter, or press ? or * to list all spells.
Aiming: Ensorcelled Hibernation (safe; 14% risk of failure)
Press: ? - help, Shift-Dir - straight line, f/p - centaur
Aim: a centaur (chance to affect: 43%)
You miscast Ensorcelled Hibernation.
Nothing appears to happen.
The centaur hits you but does no damage.
The centaur kicks you but does no damage.
The centaur barely misses you.
The centaur kicks you but does no damage. 😮 MP[-2]
You lost 2 mp, and now have 10/16 mp.
Casting: Ensorcelled Hibernation (safe; 14% risk of failure)
Confirm with . or Enter, or press ? or * to list all spells.
Aiming: Ensorcelled Hibernation (safe; 14% risk of failure)
Press: ? - help, Shift-Dir - straight line, f/p - centaur
Aim: a centaur (chance to affect: 43%)
The centaur resists with some effort.
The centaur hits you.
The centaur barely misses you. 😮 HP[-4] MP[-2]
You take 4 damage, and now have 17/32 hp.
You lost 2 mp, and now have 8/16 mp.
Unknown command.
Casting: Ensorcelled Hibernation (safe; 14% risk of failure)
Confirm with . or Enter, or press ? or * to list all spells.
Aiming: Ensorcelled Hibernation (safe; 14% risk of failure)
Press: ? - help, Shift-Dir - straight line, f/p - centaur
Aim: a centaur (chance to affect: 43%)
The centaur looks drowsy... 😮 MP[-2]
You lost 2 mp, and now have 6/16 mp.
Unknown command.
The helpless centaur fails to defend itself.
You impale the centaur!! Lightning courses through the centaur!
You kill the centaur!
You have reached level 5!
Your demonic ancestry asserts itself...
You feel energised by your suffering. 😮 HP[+3]
You now have 37 max hp (+5).
You regained 3 hp, and now have 20/37 hp.
You hit the iguana but do no damage.
Lightning courses through the iguana! 😮 HP[+1] MP[+1] Unknown command.
Casting: Ensorcelled Hibernation (safe; 14% risk of failure)
Confirm with . or Enter, or press ? or * to list all spells.
Aiming: Ensorcelled Hibernation (safe; 14% risk of failure)
Press: ? - help, Shift-Dir - straight line, f - iguana
Aim: an iguana (severely wounded, chance to affect: 52%)
You miscast Ensorcelled Hibernation.
Nothing appears to happen.
You block the iguana's attack. 😮 MP[-2]
You lost 2 mp, and now have 5/17 mp.
Casting: Ensorcelled Hibernation (safe; 14% risk of failure)
Confirm with . or Enter, or press ? or * to list all spells.
Aiming: Ensorcelled Hibernation (safe; 14% risk of failure)
Press: ? - help, Shift-Dir - straight line, f/p - iguana
Aim: an iguana (severely wounded, chance to affect: 52%)
The iguana resists with significant effort.
The iguana bites you!
* * * LOW HITPOINT WARNING * * *
😱 HP[-13] MP[-2]
You take 13 damage, and now have 8/37 hp.
MASSIVE DAMAGE!! (PAUSE)
You lost 2 mp, and now have 3/17 mp.
Casting: Ensorcelled Hibernation (safe; 14% risk of failure)
Confirm with . or Enter, or press ? or * to list all spells.
Aiming: Ensorcelled Hibernation (safe; 14% risk of failure)
Press: ? - help, Shift-Dir - straight line, f/p - iguana
Aim: an iguana (severely wounded, chance to affect: 52%)
The iguana resists with significant effort.
The iguana bites you!
You die...

Skill      XL: |  1  2  3  4 |
---------------+-------------+-----
Short Blades   | 1 2 |  2.2
Stealth        | 3 |  3.6
Dodging        | 2 |  2.3
Fighting       | 1 |  1.3
Ice Magic      | 1 |  1.1
Shields        | |  0.9
Spellcasting   | |  2.5
Hexes          | |  3.4

Action                     |  1- 3 |  4- 6 || total
---------------------------+-------+-------++-------
  Melee: Dagger            |    98 |    41 ||   139
         Punch             |     1 |       ||     1
   Cast: Ensorcelled Hiber |    23 |    10 ||    33
    Use: Scroll            |     1 |     9 ||    10
         Potion            |     1 |       ||     1
   Stab: Sleeping          |    21 |    10 ||    31
 Armour: Robe              |    46 |    18 ||    64
  Dodge: Dodged            |    44 |    21 ||    65
  Block: Buckler           |     3 |     6 ||     9

Levels and vault maps discovered:
D:1:      roderic_dead_forest, layout_basic, serial_forest,
          infiniplex_forest_lined_4_way, infiniplex_forest_corner_2,
          infiniplex_forest_clump_long, infiniplex_forest_end_2,
          infiniplex_forest_end_1, infiniplex_forest_lined_3,
          infiniplex_forest_clump_tiny, infiniplex_forest_clump_small,
          infiniplex_forest_clump_curved
D:2:      layout_basic, serial_shops, nicolae_shop_hallway_plus,
          kennysheep_generic_room_16
D:3:      minmay_door_path, layout_basic
D:4:      layout_rooms, amcnicky_altar_gilded, elyvilon_altar_5,
          kennysheep_crisscross

Notes
Turn   | Place    | Note
-------+----------+-------------------------------------------
     0 | D:1      | kae the Demonspawn Enchanter began the quest for the Orb.
     0 | D:1      | Reached XP level 1. HP: 13/13 MP: 3/3
     0 | D:1      | magus.rc [v1.11.3]
    75 | D:1      | Reached skill level 1 in Short Blades
   166 | D:1      | Gained mutation: Your movements are slightly less
                  | encumbered by armour. (ER -2) [demonic ancestry]
   166 | D:1      | Reached XP level 2. HP: 6/20 MP: 5/5
   169 | D:1      | Learned a level 2 spell: Ensorcelled Hibernation
   873 | D:2      | Found Cygokyss's Assorted Antiques.
   878 | D:2      | Bought a dark potion for 21 gold pieces
   878 | D:2      | Bought a fuming pink potion for 21 gold pieces
   903 | D:2      | Reached skill level 3 in Stealth
  1143 | D:2      | Reached XP level 3. HP: 25/25 MP: 3/6
  1147 | D:2      | Learned a level 3 spell: Confusing Touch
  1255 | D:2      | Reached skill level 2 in Dodging
  1430 | D:2      | HP: 5/25 [poisoned by an adder]
  1762 | D:2      | Bought a glowing amethyst potion for 21 gold pieces
  1942 | D:3      | Reached skill level 1 in Fighting
  1942 | D:3      | Reached XP level 4. HP: 32/32 MP: 7/7
  2100 | D:3      | You pick up a book of Blood and begin reading...
  2100 | D:3      | You add the spells Sublimation of Blood, Wereblood and
                  | Summon Hydra to your library.
  2383 | D:3      | Reached skill level 2 in Short Blades
  2401 | D:3      | Reached skill level 1 in Ice Magic
  2457 | D:3      | Identified the +6 whip of the Lurker {heavy, rCorr}
  2640 | D:4      | You pick up a book of Vapours and begin reading...
  2640 | D:4      | You add the spells Poisonous Vapours, Mephitic Cloud and
                  | Freezing Cloud to your library.
  2658 | D:4      | Noticed a centaur
  2671 | D:4      | Killed a centaur
  2672 | D:4      | Gained mutation: You sometimes gain a little power by
                  | taking damage. [demonic ancestry]
  2672 | D:4      | Reached XP level 5. HP: 20/37 MP: 6/8
  2674 | D:4      | HP: 8/37 [iguana (13)]
  2675 | D:4      | Slain by an iguana

Vanquished Creatures
  A centaur (D:4)
  5 adders
  2 worms
  2 dart slugs (D:3)
  11 ball pythons
  6 bats
  7 endoplasms
  2 giant cockroaches
  8 hobgoblins
  A quokka (D:2)
  6 frilled lizards
  A goblin (D:2)
  4 kobolds
  3 rats
59 creatures vanquished.

Table legend:
 A = Non-vault XP
 B = Vault XP
 C = Vault XP percentage of total XP
 D = Non-vault monster count
 E = Vault monster count
 F = Vault count percentage of total count
                 A         B        C        D         E       F
            +---------+---------+-------+---------+---------+-------
      Total |     260 |      19 |   6.8 |      54 |       5 |   8.5
            +---------+---------+-------+---------+---------+-------
        D:1 |      31 |       0 |   0.0 |      17 |       0 |   0.0
        D:2 |      41 |       3 |   6.8 |      16 |       3 |  15.8
        D:3 |      73 |      16 |  18.0 |      20 |       2 |   9.1
        D:4 |     115 |       0 |   0.0 |       1 |       0 |   0.0
            +---------+---------+-------+---------+---------+-------

Skill      XL: |  1  2  3  4 |
---------------+-------------+-----
Short Blades   | 1 2 |  2.2
Stealth        | 3 |  3.6
Dodging        | 2 |  2.3
Fighting       | 1 |  1.3
Ice Magic      | 1 |  1.1
Shields        | |  0.9
Spellcasting   | |  2.5
Hexes          | |  3.4

Action                     |  1- 3 |  4- 6 || total
---------------------------+-------+-------++-------
  Melee: Dagger            |    98 |    41 ||   139
         Punch             |     1 |       ||     1
   Cast: Ensorcelled Hiber |    23 |    10 ||    33
    Use: Scroll            |     1 |     9 ||    10
         Potion            |     1 |       ||     1
   Stab: Sleeping          |    21 |    10 ||    31
 Armour: Robe              |    46 |    18 ||    64
  Dodge: Dodged            |    44 |    21 ||    65
  Block: Buckler           |     3 |     6 ||     9

Illustrated notes

Table legend:
 A = Kills in this place as a percentage of kills in the entire game.
 B = Kills by you in this place as a percentage of kills by you in the entire game.
 C = Kills by friends in this place as a percentage of kills by friends in the entire game.
 D = Other kills in this place as a percentage of other kills in the entire game.
 E = Experience gained in this place as a percentage of experience gained in the entire game.
 F = Experience gained in this place divided by the number of levels of this place that you have seen.
                   A       B       C       D       E      F
               +-------+-------+-------+-------+-------+----------------------
         Total | 100.0 | 100.0 |   N/A |   N/A | 100.0 |  69.8
       Dungeon | 100.0 | 100.0 |   N/A |   N/A | 100.0 |  69.8
               +-------+-------+-------+-------+-------+----------------------

Table legend: (Time is in decaauts)
 A = Elapsed time spent in this place.
 B = Non-inter-level travel time spent in this place.
 C = Inter-level travel time spent in this place.
 D = Time resting spent in this place.
 E = Time spent auto-exploring this place.
 F = Levels seen in this place.
 G = Mean time per level.
                   A        B        C        D        E       F      G
               +--------+--------+--------+--------+--------+-----+--------+
         Total |   2666 |   2592 |     74 |     79 |   2046 |   4 |  666.5 |
       Dungeon |   2666 |   2592 |     74 |     79 |   2046 |   4 |  666.5 |
               +--------+--------+--------+--------+--------+-----+--------+

Top non-repeatable levels by time:
     D:2: 994 daAuts
     D:1: 816 daAuts
     D:3: 776 daAuts
     D:4: 78 daAuts
